Description

filled supply

Build Order

Get SALT Encoding   

  14  00:19  Pylon  
  16  00:41  Gateway  
  17  00:46  Assimilator  
  20  1:24  Nexus  
  20  1:31  Cybernetics Core  
  21  1:40  Assimilator  
  22  1:49  Pylon  
  23  2:08  Adept (Chrono Boost)  
  25  2:13  Robotics Facility  
  26  2:19  Warp Gate  
  29  2:38  Stalker  
  34  2:53  Warp Prism (Chrono Boost)  Obs after
  40  3:10  Sentry  
  44  3:24  Gateway  Complete Wall
  45  3:30  Assimilator x2  
  49  3:40  Pylon x2, Action, Forge  pick-up stalker and head out
  51  4:04  Immortal  constant immortals from here
  55  4:15  Stalker x2, Protoss Ground Weapons Level 1 (Chrono Boost)  @prism
  60  4:30  Action, Twilight Council  pause probes @45
  64  5:10  Protoss Ground Weapons Level 2 (Chrono Boost)  
  64  5:15  Charge (Chrono Boost)  
  64  5:00  Sentry x2  @nat
  64  5:30  Nexus  
  64  5:40  Templar Archives, Gateway x4  
  64  6:00  Gateway x2  
  64  6:15  Action  Halluc phoenix - check drone saturation at 3rd
  64  6:15   Action  resume probes until 11-16 probes at 3rd
  64  6:25   High Templar x4  archons
  64  7:00  Action  move out w/ 3 immortals, 2 archons, 3 sentries and extra gateway units. Attack when +2 is completed
Spawning Tool Build Advisor. Get it on Overwolf

Analysis

filled supply

Go to:

Details

  • Created by: skyebuddha
  • Published on: Mar 07, 2019
  • Modified on: Mar 07, 2019
  • Patch: 4.7.1
Show
View Real Time Build Order
Export as new Build Order

Comments (0)

There are no comments. Be the first!

Create an account to comment!